 Dungeon Crawl Stone Soup version 0.28-a0-245-g639a1a48b9 (webtiles) character file.

Game seed: 15811673561881242902

46477 Volk the Bewitcher (level 14, 92/92 HPs)
             Began as a Vampire Enchanter on July 18, 2021.
             Was a High Priest of Dithmenos.
             Quit the game on level 4 of the Dungeon on Aug 25, 2021.
             The game lasted 01:22:36 (19117 turns).

Volk the Bewitcher (Vampire Enchanter)             Turns: 19117, Time: 01:22:36

Health: 92/92      AC: 15    Str:  9    XL:     14   Next: 5%
Magic:  33/33      EV: 35    Int: 19    God:    Dithmenos [*****.]
Gold:   321        SH:  0    Dex: 21    Spells: 7/26 levels left

rFire   . . .      SeeInvis +   H - +7 dagger (venom)
rCold   + + .      Faith    .   (no shield)
rNeg    + + +      Spirit   .   l - +4 robe of the Frog {Fly Will+ Str+2 Dex+3}
rPois   ∞          Reflect  .   n - +2 helmet
rElec   .          Harm     .   D - +2 cloak
rCorr   .          Rampage  .   r - +2 pair of gloves
Will    ++...                   (no boots) Stlth **++++++++
                                o - amulet of the acrobat
HPRegen 0.25/turn               A - ring of wizardry
MPRegen 0.23/turn               i - ring of magical power

@: acrobatic, flying, bloodless, wreathed by umbra
A: bloodless, fangs 3, see invisible, vampiric 2
a: Bat Form, Revivify, Renounce Religion, Shadow Step, Shadow Form


You were on level 4 of the Dungeon.
You worshipped Dithmenos.
Dithmenos was extremely pleased with you.
You visited 3 branches of the dungeon, and saw 17 of its levels.
You also visited: Ossuary.

You collected 1189 gold pieces.
You spent 868 gold pieces at shops.

Inventory:

Hand Weapons
 H - a +7 dagger of venom (weapon)
 I - a +2 short sword of flaming
Missiles
 a - 4 boomerangs of dispersal
 h - 7 curare-tipped darts
 t - 5 throwing nets
 F - 11 atropa-tipped darts
Armour
 k - a +2 robe of resistance
 l - the +4 robe of the Frog (worn) {Fly Will+ Str+2 Dex+3}
   (You found it on level 7 of the Dungeon)

   Str:       It affects your strength (+2).
   Dex:       It affects your dexterity (+3).
   Fly:       It grants you flight.
   Will:      It increases your willpower.
 n - a +2 helmet (worn)
 r - a +2 pair of gloves (worn)
 D - a +2 cloak (worn)
Jewellery
 i - a ring of magical power (right hand)
 o - an amulet of the acrobat (around neck)
 A - a ring of wizardry (left hand)
 K - a +4 ring of evasion
 P - an amulet of reflection
 Q - an amulet of magic regeneration
Wands
 e - a wand of mindburst (44)
 u - a wand of flame (62)
 v - a wand of iceblast (7)
 B - a wand of polymorph (28)
 E - a wand of acid (20)
 J - a wand of paralysis (8)
Scrolls
 b - 2 scrolls of fear
 d - 3 scrolls of vulnerability
 f - 3 scrolls of teleportation
 g - 2 scrolls of fog
 j - 2 scrolls of summoning
 q - a scroll of brand weapon
 x - a scroll of silence
 y - 8 scrolls of magic mapping
 G - 3 scrolls of enchant armour
 M - 2 scrolls of blinking
 N - a scroll of amnesia
Potions
 c - 3 potions of brilliance
 m - 2 potions of cancellation
 p - 6 potions of heal wounds
 s - 2 potions of berserk rage
 z - 8 potions of curing
 L - a potion of might
 O - a potion of invisibility


   Skills:
 - Level 12.0 Fighting
 - Level 10.0 Short Blades
 - Level 11.2 Dodging
 - Level 11.0 Stealth
 - Level 6.9 Spellcasting
 - Level 15.0 Hexes
 - Level 5.5 Translocations
 + Level 2.4 Invocations


You had 7 spell levels left.
You knew the following spells:

 Your Spells              Type           Power      Damage    Failure   Level
a - Passwall              Tmut/Erth      5%         N/A       6%          2
b - Ensorcelled Hibernat  Hex/Ice        70%        N/A       1%          2
c - Confusing Touch       Hex            59%        N/A       1%          3
d - Blink                 Tloc           N/A        N/A       1%          2
e - Cause Fear            Hex            29%        N/A       1%          4
f - Invisibility          Hex            29%        N/A       1%          6

Your spell library contained the following spells:

 Spells                   Type           Power      Damage    Failure   Level
 Corona                   Hex            65%        N/A       0%          1
 Dazzling Flash           Conj/Hex       70%        N/A       1%          3
 Inner Flame              Hex/Fire       35%        N/A       1%          3
 Lesser Beckoning         Tloc           13%        N/A       1%          3
 Tukima's Dance           Hex            59%        N/A       1%          3
 Silence                  Hex/Air        17%        N/A       5%          5
 Sublimation of Blood     Necr           3%         N/A       6%          2
 Spider Form              Tmut/Pois      3%         N/A       12%         3
 Swiftness                Air            6%         N/A       12%         3
 Manifold Assault         Tloc           27%        N/A       12%         5
 Petrify                  Tmut/Erth      6%         N/A       38%         4
 Dispersal                Tloc           13%        N/A       52%         6
 Agony                    Necr           6%         N/A       71%         5
 Irradiate                Conj/Tmut      3%         3d14      71%         5
 Conjure Ball Lightning   Conj/Air       3%         3x3d6     99%         6
 Shadow Creatures         Summ           N/A        N/A       99%         6
 Discord                  Hex            29%        N/A       45%         8
 Disjunction              Tloc           13%        N/A       100%        8


Dungeon Overview and Level Annotations

Branches:
Dungeon (10/15)            Temple (1/1) D:4            Lair (6/6) D:9
 Shoals (0/4) Lair:3       Spider (0/4) Lair:4        Slime (0/5) Lair:5
    Orc (0/2) D:9         Ossuary (visited)

Altars:
Ashenzari
Dithmenos
Elyvilon
Gozag
Hepliaklqana
Kikubaaqudgha
Makhleb
Okawaru
Qazlal
Sif Muna
Trog
Uskayaw
Vehumet
Wu Jian
Xom
Zin
Jiyva

Shops:
D:4 [!:*![

Annotations:
D:8 3 runed translucent doors, exclusion: statue, MovingMist's ghost, novice DsGl; makewrite's ghost, novice MiFi; mokwee's ghost, novice OpVM


Innate Abilities, Weirdness & Mutations

You do not regenerate when monsters are visible.
You are frail without blood (-20% HP).
You can heal yourself when you bite living creatures.
You are immune to poison.
You have razor-sharp teeth.
You have supernaturally acute eyesight. (SInv)
You are afflicted with vampirism and can become a bat while bloodless.


Message History

You drop 5 potions of lignification.
You drop a +1 scale mail of willpower.
You drop a ring of flight.
You drop a ring of protection from cold.
There is an entrance to Wilew's Book Emporium here.
There is an entrance to Qiall's Distillery here.
There is an entrance to Wilew's Book Emporium here.
There is an entrance to Goikolozxo's Antique Armour Shoppe here.
Items here: ! == [.
There is an entrance to Wilew's Book Emporium here.
There is an entrance to Qiall's Distillery here.
There is an entrance to Yxygaij's Armour Boutique here.
r - a +2 pair of gloves Thank you for shopping at Yxygaij's Armour Boutique!
You start putting on your armour.
You continue putting on your +2 pair of gloves. x4
You finish putting on your +2 pair of gloves.
There is an entrance to Ilakhu Laoc's Assorted Antiques here.
w - a +2 long sword of freezing Thank you for shopping at Ilakhu Laoc's Assorted Antiques!
Okay, then.
Drop what? 42/52 slots (_ for help) (? for menu, Esc to quit)
You drop a +2 long sword of freezing.
There is an entrance to Lihid's Distillery here.
There is an entrance to Ilakhu Laoc's Assorted Antiques here.
You see here a +2 long sword of freezing.
There is an entrance to Ilakhu Laoc's Assorted Antiques here.
You see here a +2 long sword of freezing.
z - 8 potions of curing (gained 1);
p - 4 potions of heal wounds (gained 2) Thank you for shopping at Ilakhu Laoc's Assorted Antiques!
There is an entrance to Qiall's Distillery here.
p - 5 potions of heal wounds (gained 1)
p - 6 potions of heal wounds (gained 1) Thank you for shopping at Qiall's Distillery!
Okay, then.
Save game and exit?
Welcome back, Volk the Vampire Enchanter.
Dithmenos says: Spread the eternal night.
Press ? for a list of commands and other information.
Are you sure you want to abandon this character and quit the game? (Confirm with "yes".)

.................................
#.##.................)...........
#.##...####......................
#.##........####......#..........
#.########### #......#..........
#.# #..# #####..#..........
#.#####.##♣♣♣♣♣♣♣♣♣#..#..........
#.......##♣.......♣#..#..........
...####..#♣.∩.∩.@.♣#..##.########
##.##.................##..#
#.##≈≈≈≈≈≈≈≈≈≈≈≈≈≈≈≈≈≈≈#.##
#.##≈≈≈≈≈≈≈≈≈≈≈≈≈≈≈≈≈≈≈#..#
#.##.#..............#####.#
#.......#♣.∩.∩.∩.♣#.# ##.#
####.#.##♣.......♣#.# #..# #.###
♣♣♣♣♣♣♣♣♣#.# #.## #.# ### #.# #.#


There were no monsters in sight!

Vanquished Creatures
  Harold (Lair:1)
  8 hydras
  Erolcha (D:10)
  Sonja (D:10)
  A lindwurm (Lair:6)
  A wolf spider (Lair:6)
  Maurice (D:10)
  11 black mambas
  A guardian serpent (Lair:6)
  6 elephants (Lair:5)
  A gargoyle (D:10)
  21 cane toads
  3 rime drakes
  7 komodo dragons
  Maggie (D:8)
  5 polar bears
  3 hornets
  Grinder (D:5)
  23 blink frogs
  5 dream sheep (Lair:4)
  A polar bear (shapeshifter) (D:10)
  A snapping turtle (Lair:3)
  A redback (Lair:6)
  Sigmund (D:2)
  A wraith (D:10)
  14 wyverns
  4 basilisks
  31 yaks
  A vampire mosquito (D:10)
  Edmund (D:6)
  34 water moccasins
  4 orc warriors
  2 sky beasts
  4 black bears
  A hornet zombie (Ossuary)
  3 ogres
  4 centaurs
  7 wolves
  A kobold brigand (D:6)
  12 bullfrogs
  4 wyvern zombies (Ossuary)
  A water moccasin zombie (Ossuary)
  6 killer bees (D:8)
  A howler monkey (D:4)
  8 electric eels
  10 bullfrog zombies (Ossuary)
  4 centaur zombies
  2 orc priests
  A hound (D:6)
  A jelly (D:4)
  A bullfrog skeleton (D:5)
  10 mummies (Ossuary)
  2 iguanas
  Natasha (thrice) (D:4)
  4 hell rats (Lair:4)
  8 orc wizards
  4 killer bee zombies
  6 howler monkey zombies
  4 adders
  An ufetubus (D:7)
  An adder zombie (D:1)
  A worm (D:5)
  3 dart slugs
  33 orcs
  A bat zombie (D:1)
  5 endoplasms
  2 giant cockroaches
  4 goblins
  13 jackals
  9 kobolds
  4 ball pythons
  4 bats
  3 frilled lizards
  A kobold zombie (D:7)
  5 rats
400 creatures vanquished.

Vanquished Creatures (others)
  A water moccasin (Lair:5)
  A quokka (D:7)
  54 fungi
  100 plants
  2 withered plants (Ossuary)
158 creatures vanquished.

Grand Total: 558 creatures vanquished

Notes
Turn   | Place    | Note
-------+----------+-------------------------------------------
     0 | D:1      | Volk the Vampire Enchanter began the quest for the Orb.
     0 | D:1      | Reached XP level 1. HP: 13/13 MP: 3/3
   159 | D:1      | Reached XP level 2. HP: 19/19 MP: 3/5
   162 | D:1      | Learned a level 2 spell: Ensorcelled Hibernation
  1159 | D:2      | Gained mutation: You are afflicted with vampirism and can
                  | become a bat while bloodless. [Vampire growth]
  1159 | D:2      | Reached XP level 3. HP: 16/19 MP: 1/6
  2027 | D:2      | Learned a level 3 spell: Confusing Touch
  2239 | D:2      | Noticed Sigmund
  2248 | D:2      | Killed Sigmund
  2249 | D:2      | Reached XP level 4. HP: 24/24 MP: 7/7
  2249 | D:2      | Reached XP level 5. HP: 28/28 MP: 8/8
  2292 | D:2      | Learned a level 2 spell: Blink
  2388 | D:3      | Found a faded altar of an unknown god.
  3063 | D:4      | Found a staircase to the Ecumenical Temple.
  3107 | Temple   | Entered the Ecumenical Temple
  3169 | Temple   | Became a worshipper of Dithmenos the Shadowed
  3238 | D:4      | Reached XP level 6. HP: 31/32 MP: 7/10
  3359 | D:4      | Found Lihid's Distillery.
  3361 | D:4      | Found Ilakhu Laoc's Assorted Antiques.
  3364 | D:4      | Found Goikolozxo's Antique Armour Shoppe.
  3364 | D:4      | Found Wilew's Book Emporium.
  3365 | D:4      | Found Qiall's Distillery.
  3365 | D:4      | Found Yxygaij's Armour Boutique.
  3374 | D:4      | Bought a potion of degeneration for 11 gold pieces
  3374 | D:4      | Bought a potion of heal wounds for 55 gold pieces
  3405 | D:4      | Bought a potion of lignification for 30 gold pieces
  3479 | D:4      | Reached skill level 1 in Translocations
  3519 | D:4      | Noticed Natasha
  3526 | D:4      | Killed Natasha
  3661 | D:4      | Noticed Natasha
  3669 | D:4      | Killed Natasha
  3714 | D:5      | Entered Level 5 of the Dungeon
  4131 | D:5      | Noticed Grinder
  4718 | D:5      | Reached XP level 7. HP: 36/36 MP: 6/11
  5249 | D:5      | Killed Grinder
  5250 | D:5      | Reached skill level 5 in Translocations
  5532 | D:6      | Reached XP level 8. HP: 37/41 MP: 9/12
  5683 | D:7      | Found a hazy altar of Hepliaklqana.
  5684 | D:7      | Found an ancient bone altar of Kikubaaqudgha.
  5720 | D:7      | Identified the +4 robe of the Frog {Fly Will+ Str+2 Dex+3}
  5799 | D:7      | Noticed a hornet
  5807 | D:7      | Killed a hornet
  5840 | D:7      | Found a sand-covered staircase.
  5927 | Ossuary  | Entered an ossuary
  6025 | Ossuary  | Reached * piety under Dithmenos
  6082 | Ossuary  | Reached skill level 10 in Stealth
  6459 | Ossuary  | HP: 1/41 [howler monkey zombie (4)]
  6797 | Ossuary  | Reached XP level 9. HP: 29/45 MP: 6/13
  7332 | D:7      | Identified the +8 mace "Beorotu" {drain, rPois rN+ MP+9
                  | Int-4}
  7987 | D:6      | Noticed Edmund
  7991 | D:6      | Killed Edmund
  8017 | D:6      | Learned a level 2 spell: Passwall
  8732 | D:6      | Reached skill level 10 in Short Blades
  8830 | D:8      | Reached ** piety under Dithmenos
  8842 | D:8      | Found a radiant altar of Vehumet.
  8956 | D:8      | Found a runed translucent gate.
  8956 | D:8      | Found a runed translucent gate.
  8956 | D:8      | Found a runed translucent gate.
  8956 | D:8      | Noticed makewrite's ghost (novice MiFi)
  8998 | D:8      | Noticed mokwee's ghost (novice OpVM)
  8998 | D:8      | Noticed MovingMist's ghost (novice DsGl)
  9112 | D:8      | Noticed Maggie
  9120 | D:8      | Killed Maggie
  9121 | D:8      | Reached skill level 5 in Dodging
  9399 | D:9      | Reached XP level 10. HP: 50/50 MP: 14/14
  9668 | D:9      | Found a staircase to the Orcish Mines.
  9742 | D:9      | Reached *** piety under Dithmenos
  9826 | D:9      | Found a staircase to the Lair.
 10421 | D:9      | Learned a level 4 spell: Cause Fear
 10445 | D:10     | Entered Level 10 of the Dungeon
 10461 | D:10     | Noticed Maurice
 10476 | D:10     | Killed Maurice
 10477 | D:10     | Reached skill level 10 in Dodging
 10619 | D:10     | Noticed Erolcha
 10622 | D:10     | Killed Erolcha
 10658 | D:10     | Noticed Sonja
 10664 | D:10     | Killed Sonja
 10665 | D:10     | Reached XP level 11. HP: 54/54 MP: 14/16
 10747 | D:10     | Reached skill level 5 in Spellcasting
 11106 | Lair:1   | Entered Level 1 of the Lair of Beasts
 11109 | Lair:1   | Reached **** piety under Dithmenos
 11130 | Lair:1   | Noticed a four-headed hydra
 11137 | Lair:1   | Killed a four-headed hydra
 11233 | Lair:1   | Reached skill level 5 in Hexes
 11381 | Lair:1   | Reached skill level 6 in Hexes
 11420 | Lair:1   | Reached skill level 7 in Hexes
 11639 | Lair:1   | Reached skill level 8 in Hexes
 11658 | Lair:1   | Noticed Harold
 11700 | Lair:1   | Reached skill level 9 in Hexes
 11730 | Lair:1   | Killed Harold
 11731 | Lair:1   | Reached skill level 10 in Hexes
 12207 | Lair:2   | Reached skill level 11 in Hexes
 12356 | Lair:2   | Reached XP level 12. HP: 59/59 MP: 22/22
 12565 | Lair:2   | Reached skill level 12 in Hexes
 12645 | Lair:2   | Noticed a seven-headed hydra
 12652 | Lair:2   | Killed a seven-headed hydra
 12758 | Lair:2   | Reached skill level 13 in Hexes
 13205 | Lair:3   | Learned a level 6 spell: Invisibility
 13271 | Lair:3   | Reached skill level 14 in Hexes
 13634 | Lair:3   | Reached skill level 15 in Hexes
 13651 | Lair:3   | Found a staircase to the Shoals.
 13720 | Lair:3   | Reached skill level 1 in Fighting
 13860 | Lair:3   | Noticed a seven-headed hydra
 13888 | Lair:3   | Killed a seven-headed hydra
 14047 | Lair:3   | Noticed a four-headed hydra
 14052 | Lair:3   | Killed a four-headed hydra
 14262 | Lair:3   | Noticed a four-headed hydra
 14277 | Lair:3   | Killed a four-headed hydra
 14385 | Lair:3   | Reached skill level 5 in Fighting
 14616 | Lair:3   | Reached ***** piety under Dithmenos
 14996 | Lair:4   | Found a hole to the Spider Nest.
 15399 | Lair:4   | Reached XP level 13. HP: 76/76 MP: 23/23
 16077 | Lair:5   | Found a staircase to the Slime Pits.
 16078 | Lair:5   | Found a viscous altar of Jiyva.
 16807 | Lair:6   | Entered Level 6 of the Lair of Beasts
 17144 | Lair:6   | Reached skill level 10 in Fighting
 18583 | Lair:6   | Reached skill level 1 in Invocations
 18583 | Lair:6   | Reached XP level 14. HP: 92/92 MP: 24/24
 19019 | D:4      | Noticed Natasha
 19027 | D:4      | Killed Natasha
 19098 | D:4      | Bought a +2 pair of gloves for 214 gold pieces
 19105 | D:4      | Bought a glowing long sword for 149 gold pieces
 19112 | D:4      | Bought a potion of curing for 69 gold pieces
 19112 | D:4      | Bought 2 potions of heal wounds for 230 gold pieces
 19117 | D:4      | Bought a potion of heal wounds for 55 gold pieces
 19117 | D:4      | Bought a potion of heal wounds for 55 gold pieces
 19117 | D:4      | Upgraded the game from 0.27-a0-1586-gd5c625afe7 to
                  | 0.28-a0-245-g639a1a48b9
 19117 | D:4      | Quit the game

Illustrated notes

Levels and vault maps discovered:
D:1:      saegor_arrival_fortress, layout_basic
D:2:      layout_loops_ring, uniq_sigmund
D:3:      layout_loops_ring, basic_ecumenical_altar
D:4:      layout_basic, temple_fountains, chequers_garden,
          nicolae_wooded_promenade, uniq_natasha
D:5:      layout_loops_cross, uniq_grinder
D:6:      layout_gridville, nicolae_benzene_ring, uniq_edmund
D:7:      layout_gridville, gammafunk_temple_overflow_statue, elyvilon_altar_4,
          enter_ossuary_3, serial_bayou_crossing
D:8:      layout_cave_pools, vehumet_statue, gammafunk_ghost_cemetery,
          uniq_maggie
D:9:      layout_loops_ring, minmay_lair_entry_grove, hiddenorc1_lemuel
D:10:     layout_loops_ring, serial_bayou, serial_bayou_lagoon_b,
          serial_bayou_lagoon_a, serial_bayou_pond_b, serial_bayou_pond_c,
          chequers_serial_rivers_small_b, uniq_sonja, uniq_maurice, uniq_erolcha
Temple:   hc_temple_tempest_star
Lair:1:   layout_cave_pods, uniq_harold
Lair:2:   layout_layer_cave
Lair:3:   layout_layer_cave, minmay_shoals_entry_hut
Lair:4:   layout_cave_pods, dummy_spider_entry, grunt_megastairs_1,
          serial_bayou_shore_b
Lair:5:   layout_roguey, slime_altar_1, st_stairs_8, lemuel_old_faithful
Lair:6:   hangedman_lair_tendril_chambers, layout_loops_ring

Skill      XL: |  1  2  3  4  5  6  7  8  9 10 11 12 13 14 |
---------------+-------------------------------------------+-----
Short Blades   | 2 3 6 7 10 | 10.0
Spellcasting   | 3 6 |  6.9
Translocations | 3 5 |  5.5
Stealth        | 11 | 11.0
Dodging        | 6 11 | 11.2
Hexes          | 11 15 | 15.0
Fighting       | 6 12 | 12.0
Invocations    | 1 2 |  2.4

Action                   |  1- 3 |  4- 6 |  7- 9 | 10-12 | 13-15 || total
-------------------------+-------+-------+-------+-------+-------++-------
Melee: Dagger            |   107 |    84 |   387 |   474 |   372 ||  1424
       Bite              |     5 |     4 |    47 |    60 |    49 ||   165
 Cast: Corona            |     3 |       |       |       |       ||     3
       Ensorcelled Hiber |     6 |    20 |    23 |    48 |    56 ||   153
       Confusing Touch   |       |     1 |    37 |    55 |    56 ||   149
       Blink             |       |     1 |     2 |    11 |    11 ||    25
       Cause Fear        |       |       |       |       |     1 ||     1
 Abil: Exsanguinate      |     1 |       |       |       |       ||     1
Evoke: Wand              |       |       |     1 |    21 |       ||    22
  Use: Potion            |       |     3 |     3 |     3 |     1 ||    10
       Scroll            |       |       |    17 |     4 |    12 ||    33
 Stab: Sleeping          |    15 |    25 |    30 |    68 |    43 ||   181
       Confused          |       |       |    38 |    55 |    56 ||   149
       Distracted        |       |       |     4 |       |       ||     4
Armor: Robe              |    17 |     9 |    93 |    59 |    69 ||   247
Dodge: Dodged            |    40 |    39 |   187 |   251 |   329 ||   846

Table legend: (Time is in decaauts)
 A = Elapsed time spent in this place.
 B = Non-inter-level travel time spent in this place.
 C = Inter-level travel time spent in this place.
 D = Time resting spent in this place.
 E = Time spent auto-exploring this place.
 F = Levels seen in this place.
 G = Mean time per level.
                   A        B        C        D        E       F      G
               +--------+--------+--------+--------+--------+-----+--------+
         Total |  18504 |  17843 |    661 |   1882 |  11601 |  18 | 1028.0 |
       Dungeon |   9675 |   9217 |    458 |   1198 |   6006 |  10 |  967.5 |
        Temple |     75 |     63 |     12 |      0 |      0 |   1 |   75.0 |
          Lair |   7491 |   7300 |    191 |     71 |   5390 |   6 | 1248.5 |
       Ossuary |   1261 |   1261 |      0 |    613 |    205 |   1 | 1261.0 |
               +--------+--------+--------+--------+--------+-----+--------+

Top non-repeatable levels by time:
  Lair:6: 1845 daAuts
  Lair:3: 1787 daAuts
     D:5: 1443 daAuts
     D:2: 1273 daAuts
 Ossuary: 1261 daAuts
     D:6: 1110 daAuts
  Lair:1: 1055 daAuts
     D:9: 1045 daAuts
     D:4: 1026 daAuts
     D:1: 1014 daAuts
  Lair:2: 983 daAuts
  Lair:4: 945 daAuts
  Lair:5: 874 daAuts
     D:7: 872 daAuts
     D:3: 714 daAuts
